 Dungeon Crawl Stone Soup version 0.22.0-49-gab54619674 (webtiles) character file.

253 Kaderl the Firebug (level 6, 0/41 HPs)
             Began as a Human Fire Elementalist on Sept 7, 2018.
             Succumbed to a scorpion's poison
             ... on level 6 of the Dungeon.
             The game lasted 00:14:55 (3233 turns).

Kaderl the Firebug (Human Fire Elementalist)        Turns: 3233, Time: 00:14:55

Health: 0/41       AC:  6    Str:  8    XL:     6   Next: 37%
Magic:  3/10       EV: 13    Int: 17    God:
Gold:   170        SH:  0    Dex: 14    Spells: 8/11 levels left

rFire    . . .     SeeInvis .   c - 2 rations
rCold    . . .     Gourm    .   (no shield)
rNeg     . . .     Faith    .   n - +0 robe
rPois    .         Spirit   .   (no helmet)
rElec    .         Reflect  .   j - +0 cloak
rCorr    .         Harm     .   s - +0 pair of gloves
MR       .....                  o - +1 pair of boots
Stlth    ++........             (no amulet)
HPRegen  0.13/turn              (no ring)
MPRegen  0.12/turn              (no ring)

@: lethally poisoned (0 -> -1)
A: no striking features
a: no special abilities


You were on level 6 of the Dungeon.
You were not hungry.

You visited 1 branch of the dungeon, and saw 6 of its levels.

You collected 170 gold pieces.

Inventory:

Armour
 j - a +0 cloak (worn)
 n - a +0 robe (worn)
 o - a +1 pair of boots (worn)
 s - a +0 pair of gloves (worn)
Wands
 b - a wand of acid (8)
 t - a wand of digging (15)
Scrolls
 g - a scroll of remove curse
 k - a scroll of enchant weapon
 l - 3 scrolls of amnesia
 m - a scroll of teleportation
 p - a scroll of identify
Potions
 a - a potion of mutation {unknown}
 d - 2 potions of heal wounds
 e - 2 potions of flight {unknown}
 f - 3 potions of haste
 h - 3 potions of agility {unknown}
 i - a potion of brilliance {unknown}
 q - a potion of degeneration {unknown}
 r - a potion of curing {unknown}
Comestibles
 c - 2 rations (in hand)


   Skills:
 + Level 0.2 Fighting
 + Level 2.5 Dodging
 + Level 2.7 Stealth
 + Level 3.3 Spellcasting
 + Level 2.3 Conjurations
 + Level 4.8 Fire Magic


You had 8 spell levels left.
You knew the following spells:

 Your Spells              Type           Power        Failure   Level  Hunger
a - Flame Tongue          Conj/Fire      ###..        3%          1    None
b - Throw Flame           Conj/Fire      ###...       6%          2    ##.....

Your spell library contained the following spells:

 Spells                   Type           Power        Failure   Level  Hunger
 Conjure Flame            Conj/Fire      ###.....     12%         3    ###....
 Inner Flame              Hex/Fire       ##......     19%         3    ###....
 Sticky Flame             Conj/Fire      ###.....     36%         4    ####...
 Fireball                 Conj/Fire      ###.......   71%         5    ######.


Dungeon Overview and Level Annotations

Branches:
Dungeon (6/15)
 Temple: D:4-7

Altars:
Gozag
Qazlal

Shops:
D:6 *

Annotations:
D:4 Robin
D:5 Blork the orc


Message History

You feel sick. The iguana barely misses you.
You climb downwards.
An adder and an orc come into view.
The orc shouts!
Found a potion of heal wounds.
There is a stone staircase leading up here.
* * * LOW HITPOINT WARNING * * *
You feel sick.
The iguana hisses menacingly.
A gnoll comes into view. It is wielding a spear.
Found an opulent altar of Gozag.
A crimson imp comes into view.
* * * LOW HITPOINT WARNING * * *
You feel sick. The orc hits you but does no damage.
Found Gozag's Platinum Reserve.
You hear a splash.
* * * LOW HITPOINT WARNING * * *
You feel sick.
There is an opulent altar of Gozag here.
You die...

.5. ....
############# ...
#≈≈≈≈≈≈≈....##..
#≈.....≈≈≈≈.##.#
#≈.⌠.⌠....≈.##.#####
#≈..@..ol..........#
#≈.⌠.⌠....≈g.......#
#≈.....≈≈≈≈.#......#
#≈≈≈≈≈≈≈....#......##
######..............#
#....###........
#...............
#...##S.........
#...#..!.....<.#


You could see an iguana, a gnoll, an adder (wandering) and an orc.

Vanquished Creatures
  A scorpion (D:5)
  A hound (D:5)
  Terence (D:2)
  A worker ant (D:5)
  4 gnolls (D:2)
  An adder (D:3)
  4 dart slugs
  2 leopard geckos
  An orc (D:3)
  4 giant cockroaches
  11 goblins
  8 hobgoblins
  2 jackals (D:2)
  A quokka (D:2)
  7 bats
  8 frilled lizards
  6 kobolds
  A quokka skeleton (D:5)
  5 rats
69 creatures vanquished.

Vanquished Creatures (others)
  An orc (D:6)
  A giant cockroach zombie (D:6)
2 creatures vanquished.

Grand Total: 71 creatures vanquished

Notes
Turn   | Place    | Note
-------+----------+-------------------------------------------
     0 | D:1      | Kaderl the Human Fire Elementalist began the quest for the
                  | Orb.
     0 | D:1      | Reached XP level 1. HP: 13/13 MP: 3/3
   145 | D:1      | Reached XP level 2. HP: 19/19 MP: 3/5
   379 | D:1      | Reached XP level 3. HP: 21/24 MP: 1/6
   903 | D:3      | Learned a level 2 spell: Throw Flame
  1243 | D:3      | Reached XP level 4. HP: 30/30 MP: 4/7
  1253 | D:3      | Found a stormy altar of Qazlal.
  2040 | D:2      | Reached skill level 4 in Fire Magic
  2380 | D:2      | Reached XP level 5. HP: 31/35 MP: 2/9
  2785 | D:2      | Noticed Terence
  2796 | D:2      | Killed Terence
  2873 | D:4      | Noticed Robin
  2910 | D:5      | Entered Level 5 of the Dungeon
  2910 | D:5      | Noticed Blork the orc
  3017 | D:5      | Reached XP level 6. HP: 10/41 MP: 0/10
  3217 | D:5      | HP: 2/41 [poisoned by a scorpion]
  3224 | D:6      | Found an opulent altar of Gozag.
  3225 | D:6      | HP: 1/41 [poisoned by a scorpion]
  3226 | D:6      | Found Gozag's Platinum Reserve.
  3233 | D:6      | Succumbed to a scorpion's poison

Skill      XL: |  1  2  3  4  5 |
---------------+----------------+-----
Fire Magic     | 4 |  4.8
Spellcasting   | 3 |  3.3
Conjurations   | 2 |  2.3
Fighting       | |  0.2
Dodging        | |  2.5
Stealth        | |  2.7

Action                   |  1- 3 |  4- 6 || total
-------------------------+-------+-------++-------
Melee: Unarmed           |     6 |       ||     6
 Cast: Flame Tongue      |    50 |   101 ||   151
       Throw Flame       |     1 |     3 ||     4
  Use: Scroll            |     2 |     8 ||    10
  Eat: Ration            |     1 |     2 ||     3
Armor: Robe              |     7 |    41 ||    48
Dodge: Dodged            |     9 |    97 ||   106
